[Event "Titled Tuesday Blitz June 15 2021"]
[White "Shipov, Sergei"]
[Black "Sjugirov, Sanan"]
[WhiteFideId "4113624"]
[BlackFideId "4189302"]
[WhiteElo "2791"]
[BlackElo "2472"]
[Result "1/2-1/2"]
[Round "09"]
[TimeControl "180+1"]
[Date "2021.06.15"]
[WhiteClock "0:00:29"]
[BlackClock "0:00:07"]

1. d4 Nf6 2. c4 c6 3. Nc3 d5 4. Nf3 dxc4 5. a4 Bf5 6. Nh4 e6 7. Nxf5 exf5 8. e3 Bd6 9. Bxc4 O-O 10. h3 Qe7 11. Qf3 g6 12. g4 fxg4 13. hxg4 Nbd7 14. g5 Nh5 15. Rxh5 gxh5 16. Qxh5 Kh8 17. Bd2 f5 18. O-O-O b5 19. Ba2 b4 20. Ne2 c5 21. Rh1 c4 22. Bxc4 Rac8 23. b3 Nb6 24. g6 Nxc4 25. Qxh7+ Qxh7 26. Rxh7+ Kg8 27. bxc4 Rxc4+ 28. Kb1 Rfc8 29. Nc1 R8c7 30. Rh5 f4 31. Rd5 fxe3 32. fxe3 Bf8 33. Nb3 R4c6 34. Nc5 Rxg6 35. Kc2 a5 36. Kd3 Rd6 37. Rxd6 Bxd6 38. Nb3 Ra7 39. e4 Kf7 40. e5 Bc7 41. Ke4 Ra6 42. d5 Rg6 43. e6+ Ke7 44. Nd4 Rg4+ 45. Kd3 Be5 46. Nf5+ Kf6 47. e7 Rg8 48. Ke4 Bc7 49. Be3 Re8 50. Bd4+ Kf7 51. d6 Bxd6 52. Nxd6+ Kxe7 53. Nxe8 Kxe8 54. Kd5 Kd7 55. Bb6 Kc8 56. Bxa5 Kb7 57. Bxb4 Ka8 58. Kc6 Kb8 59. a5 Ka8 60. a6 Ka7 61. Kb5 Ka8 62. Kb6 Kb8 63. Bd6+ Ka8 64. a7 1/2-1/2


[Site "https://www.chess.com"]

[Event "Titled Tuesday Blitz June 15 2021"]
[White "SpeedofLight0"]
[Black "Popilski, Gil"]
[BlackFideId "2809060"]
[WhiteElo "2823"]
[BlackElo "2537"]
[Result "1-0"]
[Round "09"]
[TimeControl "180+1"]
[Date "2021.06.15"]
[WhiteClock "0:00:15"]
[BlackClock "0:00:01"]

1. e4 c5 2. Nf3 d6 3. Bb5+ Bd7 4. Bxd7+ Nxd7 5. O-O Ngf6 6. Re1 e6 7. c3 Be7 8. d4 cxd4 9. cxd4 d5 10. e5 Ne4 11. Nbd2 Nxd2 12. Bxd2 O-O 13. Rc1 Qb6 14. Rc3 Rac8 15. Qc1 Rxc3 16. Bxc3 Rc8 17. Qd2 Qa6 18. Ra1 Rc4 19. h4 h6 20. g4 b5 21. b3 Rc6 22. Qd3 Qc8 23. Bd2 b4 24. g5 hxg5 25. hxg5 Nf8 26. Nh4 Qd8 27. f4 Qb6 28. Kf2 a5 29. Rh1 Qa7 30. Ke1 a4 31. Ke2 axb3 32. axb3 Qa2 33. Qb1 Qa6+ 34. Qd3 Qa2 35. Qb1 Qa7 36. Ke3 Bd8 37. g6 Bxh4 38. gxf7+ Kxf7 39. Rxh4 Ng6 40. Rg4 Ne7 41. Rg5 g6 42. Qh1 Kg7 43. Bxb4 Nf5+ 44. Rxf5 gxf5 45. Qh4 Qf7 46. Be7 Qg6 47. Bf6+ Kf7 48. Kd3 Rb6 49. Kc3 Rc6+ 50. Kb4 Rb6+ 51. Ka4 Rb8 52. b4 Ra8+ 53. Kb5 Rb8+ 54. Kc5 Rc8+ 55. Kd6 Rb8 56. Kc5 Rc8+ 57. Kb5 Rb8+ 58. Ka4 Ra8+ 59. Kb3 Rb8 60. Qh2 Ra8 61. b5 Rb8 62. Kb4 Rb7 63. Kc5 Qg4 64. Qh7+ 1-0


[Site "https://www.chess.com"]

[Event "Titled Tuesday Blitz June 15 2021"]
[White "Svane, Frederik"]
[Black "Quparadze, Giga"]
[WhiteFideId "12923044"]
[BlackFideId "13602250"]
[WhiteElo "2459"]
[BlackElo "2658"]
[Result "0-1"]
[Round "09"]
[TimeControl "180+1"]
[Date "2021.06.15"]
[WhiteClock "0:00:03"]
[BlackClock "0:01:48"]

1. e4 c5 2. Nf3 e6 3. d4 cxd4 4. Nxd4 a6 5. g3 d5 6. Nb3 Nf6 7. exd5 Qxd5 8. Qxd5 Nxd5 9. Bg2 Nc6 10. O-O Ndb4 11. Na3 Be7 12. Rd1 O-O 13. c3 Nd5 14. Nc4 Bf6 15. Nd6 Rd8 16. Nxc8 Raxc8 17. Bxd5 exd5 18. Be3 Ne5 19. Rab1 Nc4 20. Bd4 Be7 21. Nd2 b5 22. Nf1 Bg5 23. h4 Be7 24. Kg2 h5 25. Ne3 g6 26. Ba7 Rd7 27. Bd4 Rc6 28. Rd3 a5 29. b3 Nxe3+ 30. Bxe3 Bf6 31. Rbd1 Rxc3 32. Rxd5 Rb7 33. Rd6 Bg7 34. Ra6 a4 35. bxa4 b4 36. a5 Ra3 37. Ra8+ Kh7 38. a6 Re7 39. a7 Rxa2 40. Rb8 Rxe3 41. a8=Q Rxa8 42. Rxa8 Ra3 43. Rb8 Bc3 44. Rd7 Kg7 45. Rbb7 Kf6 46. Rxf7+ Ke6 47. Rf3 Kd5 48. Rf8 Ra6 49. Rfb8 Kc4 50. Rb6 Rxb6 51. Rxb6 b3 52. f3 Bb4 0-1


[Site "https://www.chess.com"]

[Event "Titled Tuesday Blitz June 15 2021"]
[White "Aldokhin, Ivan"]
[Black "Koridze, Lile"]
[WhiteFideId "24115720"]
[BlackFideId "13612514"]
[WhiteElo "2306"]
[BlackElo "1978"]
[Result "1-0"]
[Round "10"]
[TimeControl "180+1"]
[Date "2021.06.15"]
[WhiteClock "0:00:05"]
[BlackClock "0:00:03"]

1. e4 c5 2. Nf3 d6 3. d4 cxd4 4. Nxd4 Nf6 5. Nc3 Nc6 6. Bc4 e6 7. Bb3 a6 8. Be3 Be7 9. Qe2 O-O 10. O-O-O Qc7 11. g4 b5 12. g5 Nxd4 13. Bxd4 Nd7 14. h4 Nc5 15. g6 hxg6 16. h5 Nxb3+ 17. axb3 Bg5+ 18. Kb1 Bh6 19. hxg6 fxg6 20. Be3 Bxe3 21. Qxe3 Qc5 22. Qh3 Qh5 23. Qg3 Qe5 24. Qxg6 Qf6 25. Qh7+ Kf7 26. Rxd6 Ra7 27. Rg1 Ke8 28. Qh5+ Raf7 29. Rgd1 g6 30. Qc5 Bd7 31. Nd5 Qxf2 32. Nc7+ Kd8 33. Nxe6+ Ke8 34. Qxf2 Rxf2 35. Nxf8 Bg4 36. Nxg6 Bxd1 37. Rxd1 Re2 38. e5 Kf7 39. Rd6 Re1+ 40. Ka2 Re4 41. c3 a5 42. Rf6+ Ke8 43. Ka3 a4 44. bxa4 Rxa4+ 45. Kb3 Re4 46. Rb6 Rg4 47. Rd6 Rc4 48. Rd4 Rc6 49. Nf4 Rc5 50. e6 Re5 51. Kb4 Rf5 52. Nd5 Re5 53. Kxb5 Kd8 54. b4 Kc8 55. e7 Re6 56. Kc5 Kb7 57. c4 Rc6+ 58. Kb5 Re6 59. Rf4 Rc6 60. Rf8 Rd6 61. e8=Q Rb6+ 62. Nxb6 Kc7 63. Qc6# 1-0


[Site "https://www.chess.com"]

[Event "Titled Tuesday Blitz June 15 2021"]
[White "Ambartsumova, Karina"]
[Black "davigator"]
[WhiteFideId "4166299"]
[WhiteElo "2262"]
[BlackElo "2423"]
[Result "0-1"]
[Round "10"]
[TimeControl "180+1"]
[Date "2021.06.15"]
[WhiteClock "0:00:08"]
[BlackClock "0:00:16"]

1. c4 e5 2. Nc3 Bb4 3. Qc2 c6 4. Nf3 d6 5. d4 Nd7 6. g3 Ngf6 7. Bg2 h6 8. O-O O-O 9. e4 Re8 10. Re1 a5 11. a3 Bxc3 12. Qxc3 Qc7 13. h3 Nf8 14. dxe5 dxe5 15. c5 a4 16. Nd2 Be6 17. Nc4 Bxc4 18. Qxc4 Ne6 19. Be3 Red8 20. Red1 Nd7 21. h4 Ra5 22. Rac1 Ndxc5 23. Bh3 Rxd1+ 24. Rxd1 Rb5 25. Rd2 Nb3 26. Rc2 Nbd4 27. Rc1 Rxb2 28. Kg2 b5 29. Qc3 Rb3 30. Qd2 Rxa3 31. Bxe6 Nxe6 32. Qc2 c5 33. Rb1 Rb3 34. Rxb3 axb3 35. Qxb3 Qc6 36. f3 g5 37. hxg5 hxg5 38. Qc3 f6 39. Qd2 g4 40. Qa2 Kg7 41. Qa7+ Kg6 42. Qe7 gxf3+ 43. Kxf3 b4 44. g4 b3 45. g5 Nxg5+ 46. Bxg5 fxg5 47. Ke3 c4 48. Qxe5 c3 49. Qf5+ Kh6 50. Qh3+ Kg7 51. Qf5 Qf6 52. Qd7+ Kh6 53. Qh3+ Kg6 54. Qc8 c2 55. Qg8+ Kh6 56. Qc4 Qf4+ 57. Ke2 c1=Q 58. Qe6+ Kg7 59. Qe7+ Qf7 60. Qe5+ Qf6 0-1


[Site "https://www.chess.com"]

[Event "Titled Tuesday Blitz June 15 2021"]
[White "Aradhya, Garg"]
[Black "Potapova, Margarita"]
[WhiteFideId "25006746"]
[BlackFideId "14126869"]
[WhiteElo "2146"]
[BlackElo "2229"]
[Result "1-0"]
[Round "10"]
[TimeControl "180+1"]
[Date "2021.06.15"]
[WhiteClock "0:01:51"]
[BlackClock "0:00:11"]

1. d4 Nf6 2. c4 e6 3. Nf3 d5 4. e3 dxc4 5. Bxc4 a6 6. O-O b5 7. Bd3 Bb7 8. a4 b4 9. Nbd2 Nbd7 10. Nc4 c5 11. b3 Be7 12. Bb2 O-O 13. Rc1 cxd4 14. Nxd4 Nc5 15. Bc2 Nfe4 16. Qg4 f5 17. Nxf5 Bf6 18. Nxg7 Ng5 19. Nh5 Bxb2 20. Nxb2 h6 21. h4 Kh8 22. hxg5 hxg5 23. Nf4 gxf4 24. Qh5+ Kg7 25. Qg6+ 1-0


[Site "https://www.chess.com"]

[Event "Titled Tuesday Blitz June 15 2021"]
[White "Assaubayeva, Bibisara"]
[Black "Materia, Marco"]
[WhiteFideId "13708694"]
[BlackFideId "45150451"]
[WhiteElo "2232"]
[BlackElo "2632"]
[Result "1-0"]
[Round "10"]
[TimeControl "180+1"]
[Date "2021.06.15"]
[WhiteClock "0:00:55"]
[BlackClock "0:00:43"]

1. d4 Nf6 2. c4 e6 3. Nf3 c5 4. d5 exd5 5. cxd5 d6 6. Nc3 g6 7. Bf4 a6 8. a4 Bg7 9. h3 O-O 10. e3 Bf5 11. Nd2 Re8 12. Be2 Qe7 13. Nc4 Rd8 14. O-O Ne8 15. Bf3 Nd7 16. e4 Bxc3 17. bxc3 Bxe4 18. Re1 f5 19. Qc2 Qh4 20. Bxe4 Qxf4 21. g3 Qh6 22. Bg2 b5 23. Na5 Ne5 24. f4 Nc4 25. Nc6 Nf6 26. Nxd8 Rxd8 27. axb5 axb5 28. Ra7 Nh5 29. Qe2 Qf8 30. Kh2 Nf6 31. Qd3 Re8 32. Re6 Nh5 33. Qb1 Rb8 34. Ree7 Nf6 35. Qe1 Qc8 36. Rg7+ Kh8 37. Qe7 Qf8 38. Rxh7+ Kg8 39. Qxf8+ Kxf8 40. Rhf7+ Kg8 41. Rxf6 b4 42. Rxg6+ Kh8 43. cxb4 cxb4 44. Bf1 Nb2 45. Rgg7 b3 46. Rh7+ Kg8 47. Rag7+ Kf8 48. Rh8+ Kxg7 49. Rxb8 1-0


[Site "https://www.chess.com"]

[Event "Titled Tuesday Blitz June 15 2021"]
[White "Avila Pavas, Santiago"]
[Black "Rottenwohrer Suarez, Juan"]
[WhiteFideId "4437128"]
[BlackFideId "32068182"]
[WhiteElo "2244"]
[BlackElo "2188"]
[Result "1-0"]
[Round "10"]
[TimeControl "180+1"]
[Date "2021.06.15"]
[WhiteClock "0:01:15"]
[BlackClock "0:00:01"]

1. d4 Nf6 2. Nf3 g6 3. Bg5 Ne4 4. Bf4 Bg7 5. Nbd2 Nxd2 6. Qxd2 d5 7. e3 O-O 8. h4 h5 9. O-O-O Bg4 10. Be2 c5 11. Ng5 Bxe2 12. Qxe2 cxd4 13. exd4 Nc6 14. c3 Rc8 15. Kb1 Na5 16. g4 hxg4 17. h5 Qd7 18. Ka1 Rc6 19. f3 Ra6 20. fxg4 Qa4 21. Kb1 Nc4 22. b3 Rb6 23. Rd3 a5 24. Rdh3 Rxb3+ 25. axb3 Qxb3+ 26. Ka1 Na3 27. Rc1 Nc4 28. Qa2 Qb5 29. Rch1 a4 30. hxg6 fxg6 31. Qh2 Rxf4 32. Rh8+ 1-0


[Site "https://www.chess.com"]

[Event "Titled Tuesday Blitz June 15 2021"]
[White "Baskin, Robert"]
[Black "Fier, Alexandr"]
[WhiteFideId "24662402"]
[BlackFideId "2107139"]
[WhiteElo "2462"]
[BlackElo "2569"]
[Result "1-0"]
[Round "10"]
[TimeControl "180+1"]
[Date "2021.06.15"]
[WhiteClock "0:00:39"]
[BlackClock "0:02:14"]

1. d4 Nf6 2. c4 c5 3. d5 e6 4. Nc3 exd5 5. cxd5 d6 6. Nf3 g6 7. g3 Bg7 8. Bg2 O-O 9. O-O Re8 10. Bf4 Ne4 11. Nxe4 Rxe4 12. Nd2 Rxf4 13. gxf4 Bxb2 14. Rb1 Bg7 15. e4 Nd7 16. Qf3 Qh4 17. Nc4 Bh6 18. Qg3 Qf6 19. e5 Qxf4 20. Qxf4 Bxf4 21. Nxd6 Nxe5 22. Nxc8 Rxc8 23. Rxb7 c4 24. d6 c3 25. Rxa7 c2 26. Rc7 Rd8 27. Rxc2 Rxd6 28. a4 Rd4 29. Ra2 Nc4 30. a5 Bb8 31. Rb1 Ba7 32. Rb7 Rd1+ 33. Bf1 Bd4 34. a6 Nd2 35. Kg2 Nxf1 36. Rd7 1-0


[Site "https://www.chess.com"]

[Event "Titled Tuesday Blitz June 15 2021"]
[White "Blit, Jacques"]
[Black "Orantes Taboada, Francisco"]
[WhiteFideId "114839"]
[BlackFideId "22274758"]
[WhiteElo "2390"]
[BlackElo "2073"]
[Result "1-0"]
[Round "10"]
[TimeControl "180+1"]
[Date "2021.06.15"]
[WhiteClock "0:01:05"]
[BlackClock "0:01:44"]

1. e4 c5 2. Nf3 Nc6 3. d4 cxd4 4. Nxd4 e5 5. Nb5 a6 6. N5c3 Nf6 7. Bc4 Bb4 8. O-O b5 9. Bb3 Nd4 10. Bg5 h6 11. Bxf6 Qxf6 12. Nd5 Qc6 13. Nxb4 Qxe4 14. Bd5 Qg6 15. Bxa8 d5 16. Bxd5 Bh3 17. c3 e4 18. Bxe4 Qxe4 19. Re1 Nf3+ 20. gxf3 1-0


[Site "https://www.chess.com"]

[Event "Titled Tuesday Blitz June 15 2021"]
[White "Bologan, Victor"]
[Black "Sargsyan, Anna M."]
[WhiteFideId "13900048"]
[BlackFideId "13308130"]
[WhiteElo "2511"]
[BlackElo "2263"]
[Result "0-1"]
[Round "10"]
[TimeControl "180+1"]
[Date "2021.06.15"]
[WhiteClock "0:01:13"]
[BlackClock "0:00:41"]

1. e4 c6 2. d4 d5 3. exd5 cxd5 4. c4 Nf6 5. Nc3 Nc6 6. Nf3 Bg4 7. cxd5 Nxd5 8. Qb3 Bxf3 9. gxf3 Nb6 10. d5 Nd4 11. Qd1 e5 12. dxe6 fxe6 13. Be3 Bc5 14. b4 O-O 15. bxc5 Nxf3+ 16. Ke2 Qf6 17. cxb6 Qxc3 18. Rc1 Qb2+ 19. Qc2 Qb5+ 20. Qc4 Qh5 21. Qxe6+ Kh8 22. Rc5 Nd4+ 23. Kd2 Qxc5 24. Qc4 Qa5+ 25. Kd1 Nf3 26. Bd3 Ne5 27. Qb5 Qc3 0-1


[Site "https://www.chess.com"]

[Event "Titled Tuesday Blitz June 15 2021"]
[White "Bryakin, Mikhail"]
[Black "Sahil, Tickoo"]
[WhiteFideId "4165314"]
[BlackFideId "5019710"]
[WhiteElo "2409"]
[BlackElo "2099"]
[Result "1-0"]
[Round "10"]
[TimeControl "180+1"]
[Date "2021.06.15"]
[WhiteClock "0:02:05"]
[BlackClock "0:00:13"]

1. e4 c5 2. b3 Nc6 3. Bb2 d6 4. Nf3 Nf6 5. e5 dxe5 6. Nxe5 Nxe5 7. Bxe5 e6 8. Bb5+ Bd7 9. Qe2 a6 10. Bxd7+ Qxd7 11. Nc3 Be7 12. Ne4 Nxe4 13. Qxe4 O-O 14. d3 Qd5 15. f3 Qxe4+ 16. fxe4 f5 17. Ke2 fxe4 18. dxe4 Bf6 19. Bxf6 gxf6 20. Rad1 Rad8 21. Ke3 Kf7 22. a4 Ke7 23. a5 Rg8 24. g3 h5 25. Rxd8 Rxd8 26. Rf1 Rh8 27. Rd1 h4 28. g4 h3 29. Kf4 c4 30. b4 b6 31. axb6 Rb8 32. c3 Rxb6 33. Ra1 Rd6 34. Re1 Rd3 35. Re3 Rxe3 36. Kxe3 e5 37. Kf3 Kd6 38. Kg3 Kc6 39. Kxh3 Kb5 40. Kg3 Ka4 41. h4 Kb3 42. h5 Kxc3 43. h6 Kd2 44. h7 c3 45. h8=Q c2 46. Qxf6 c1=Q 47. Qg5+ Kc2 48. Qxc1+ Kxc1 49. g5 a5 50. bxa5 1-0


[Site "https://www.chess.com"]

[Event "Titled Tuesday Blitz June 15 2021"]
[White "Can, Emre"]
[Black "Skliarov, Viktor"]
[WhiteFideId "6302181"]
[BlackFideId "14106736"]
[WhiteElo "2503"]
[BlackElo "2344"]
[Result "0-1"]
[Round "10"]
[TimeControl "180+1"]
[Date "2021.06.15"]
[WhiteClock "0:00:02"]
[BlackClock "0:00:09"]

1. e4 c5 2. Nf3 Nc6 3. c3 Nf6 4. e5 Nd5 5. d4 cxd4 6. cxd4 d6 7. Bc4 Nb6 8. Bb5 Bd7 9. Nc3 a6 10. Bxc6 bxc6 11. O-O d5 12. h3 h6 13. Ne1 Bf5 14. Na4 Nxa4 15. Qxa4 Qd7 16. b3 e6 17. Ba3 c5 18. Qxd7+ Kxd7 19. dxc5 Kc6 20. Nf3 Be4 21. Nd4+ Kc7 22. b4 Be7 23. Rac1 g5 24. Rc3 h5 25. f3 Bg6 26. Bc1 g4 27. a4 gxh3 28. gxh3 Rhg8 29. Kh2 Bh4 30. Bf4 Bh7 31. Rg1 Rxg1 32. Kxg1 Be1 33. Rb3 a5 34. b5 Bb4 35. Be3 Rg8+ 36. Kf2 h4 37. b6+ Kb7 38. Nb5 Bc2 39. Rb2 Bxa4 40. Na7 Bc6 41. Rb1 Rg3 42. Ra1 d4 43. Bxd4 Rxf3+ 44. Ke2 Rxh3 45. Nxc6 Kxc6 46. Rf1 Bxc5 47. Rc1 Kxb6 48. Bxc5+ Kb5 49. Be7 Rh2+ 50. Kf3 h3 51. Bf6 Rb2 0-1


[Site "https://www.chess.com"]

[Event "Titled Tuesday Blitz June 15 2021"]
[White "Chernomordik, Pavel"]
[Black "Real De Azua, Ernesto"]
[WhiteFideId "2804530"]
[BlackFideId "108154"]
[WhiteElo "2299"]
[BlackElo "2476"]
[Result "0-1"]
[Round "10"]
[TimeControl "180+1"]
[Date "2021.06.15"]
[WhiteClock "0:00:52"]
[BlackClock "0:01:20"]

1. e4 c6 2. Nc3 d5 3. Qf3 e6 4. d3 Nf6 5. Bd2 d4 6. Nce2 c5 7. Qg3 Nc6 8. f4 c4 9. e5 Nd5 10. dxc4 Ndb4 11. Kd1 d3 12. cxd3 Nxd3 13. Nc3 Nxb2+ 14. Kc1 Ba3 15. Nb5 Nxc4+ 0-1


[Site "https://www.chess.com"]

[Event "Titled Tuesday Blitz June 15 2021"]
[White "Colas, Joshua"]
[Black "Gontcharov, Vladislav"]
[WhiteFideId "2044447"]
[BlackFideId "4123492"]
[WhiteElo "2347"]
[BlackElo "2503"]
[Result "1-0"]
[Round "10"]
[TimeControl "180+1"]
[Date "2021.06.15"]
[WhiteClock "0:00:10"]
[BlackClock "0:00:01"]

1. Nf3 Nf6 2. c4 g6 3. b3 Bg7 4. Bb2 O-O 5. g3 c5 6. Bg2 d5 7. cxd5 Qxd5 8. O-O Qh5 9. Qc1 Nc6 10. d3 Bh3 11. Bxh3 Qxh3 12. Qxc5 Ng4 13. Bxg7 Kxg7 14. Qg5 Nd4 15. Nbd2 Nxe2+ 16. Kh1 e5 17. Qh4 Qxh4 18. gxh4 f6 19. Rae1 Nf4 20. d4 Rad8 21. Nc4 Nd3 22. Re2 e4 23. Nfd2 Rxd4 24. h3 Ngxf2+ 25. Rfxf2 Nxf2+ 26. Rxf2 b5 27. Ne3 f5 28. Ng2 Rfd8 29. Nf1 Kf6 30. Nf4 Ke5 31. Kg2 Rd1 32. Ne2 Rc8 33. h5 Ra1 34. hxg6 hxg6 35. Nf4 g5 36. Nh5 f4 37. h4 e3 38. Re2 Rcc1 39. Nh2 gxh4 40. Nf3+ Ke4 41. Nd2+ Kd3 42. Nxf4+ Kd4 43. Nf3+ Ke4 44. Nh3 Rd1 45. Nf2+ Kf4 46. Nxd1 Rxd1 47. Nxh4 Ke4 48. Nf3 Kd3 49. Re1 Rd2+ 50. Kg3 Rxa2 51. Kf4 e2 52. Kg3 Rb2 53. Kf2 a5 54. Ne5+ Kc3 55. Nc6 a4 56. bxa4 bxa4 57. Ra1 Kb3 58. Nd4+ Kb4 59. Nc6+ Kb5 60. Nd4+ Kb4 61. Nxe2 a3 62. Ke3 a2 63. Kd3 Ka3 64. Nc3 Rh2 65. Kc4 Rh4+ 66. Kd3 Rh3+ 67. Kd2 Rh2+ 68. Kd3 Kb2 69. Rxa2+ Kc1 70. Ra1+ Kb2 71. Ra2+ Kc1 72. Ra1+ Kb2 73. Rb1+ Ka3 74. Kd4 Rh4+ 75. Kc5 Rh5+ 76. Kc4 Rh4+ 77. Kd5 Rh5+ 78. Kd4 Rh4+ 79. Ne4 Ka4 80. Kd5 Rg4 81. Nd6 Rh4 82. Kc5 Rh5+ 83. Kc4 Rh4+ 84. Kc3 Rh3+ 85. Kd4 Rh4+ 86. Kd5 Rh5+ 87. Kc6 Rh4 88. Nf5 Rg4 89. Ne3 Rh4 90. Nd5 Rg4 91. Nc3+ Ka3 92. Kc5 Rh4 93. Nd5 Rg4 94. Nf6 Rh4 95. Nd7 Ka2 96. Rb8 Ka3 97. Ne5 Rh3 98. Kc4 Ka2 99. Nd3 Rh4+ 100. Kc3 1-0


[Site "https://www.chess.com"]

[Event "Titled Tuesday Blitz June 15 2021"]
[White "Demchenko, Anton"]
[Black "Howell, David W L"]
[WhiteFideId "4160258"]
[BlackFideId "410608"]
[WhiteElo "2593"]
[BlackElo "2643"]
[Result "1/2-1/2"]
[Round "10"]
[TimeControl "180+1"]
[Date "2021.06.15"]
[WhiteClock "0:00:29"]
[BlackClock "0:00:11"]

1. e4 g6 2. d4 Bg7 3. Nc3 c6 4. Nf3 d5 5. Bf4 dxe4 6. Nxe4 Nf6 7. Nxf6+ exf6 8. h3 O-O 9. Be2 Na6 10. O-O Nc7 11. c3 a5 12. a4 Nd5 13. Bh2 Re8 14. Re1 Bh6 15. Bf1 Be6 16. Nd2 Bxd2 17. Qxd2 Kg7 18. Bd3 Qd7 19. Qc2 Ne7 20. Re2 Bf5 21. Rae1 Bxd3 22. Qxd3 Nd5 23. Bg3 h5 24. f3 b5 25. Qc2 Rxe2 26. Qxe2 bxa4 27. Ra1 Nb6 28. Bf2 Qe6 29. Qxe6 fxe6 30. d5 Nxd5 31. Rxa4 Rb8 32. Rxa5 Rxb2 33. Ra7+ Kh6 34. c4 Nf4 35. Be3 g5 36. Bxf4 gxf4 37. Rc7 e5 38. h4 Kg6 39. Rxc6 Rc2 40. Rc8 Kf5 41. c5 Ke6 42. c6 Kd6 43. Rf8 Ke7 44. Rc8 Kd6 45. Rd8+ Ke6 46. Re8+ Kd6 47. Rd8+ Ke6 48. Re8+ Kd6 49. Rd8+ 1/2-1/2


[Site "https://www.chess.com"]

[Event "Titled Tuesday Blitz June 15 2021"]
[White "Dobrov, Vladimir"]
[Black "Iskusnyh, Sergei"]
[WhiteFideId "4136594"]
[BlackFideId "4120027"]
[WhiteElo "2614"]
[BlackElo "2492"]
[Result "1-0"]
[Round "10"]
[TimeControl "180+1"]
[Date "2021.06.15"]
[WhiteClock "0:00:06"]
[BlackClock "0:00:01"]

1. d4 d5 2. c4 e6 3. Nc3 dxc4 4. e4 c5 5. d5 Nf6 6. Bxc4 exd5 7. exd5 a6 8. Nf3 Bd6 9. O-O O-O 10. a4 Bg4 11. h3 Bh5 12. Re1 Nbd7 13. Bg5 Qc7 14. Qd3 Rfe8 15. Ba2 h6 16. Bd2 Ne5 17. Nxe5 Bxe5 18. Rac1 Rad8 19. Be3 Bh2+ 20. Kh1 Bd6 21. b4 Rxe3 22. fxe3 Qe7 23. bxc5 Bxc5 24. e4 Qe5 25. d6 Bxd6 26. g3 Kh7 27. Nd5 Nxd5 28. Bxd5 Bg6 29. Kg2 b5 30. axb5 axb5 31. Re3 b4 32. Rb1 Rc8 33. h4 Rc3 34. Qd2 Bc5 35. Rxc3 bxc3 36. Qd3 Bd6 37. Rc1 f5 38. Qxc3 Qe7 39. exf5 Qe2+ 40. Kh1 Bxf5 41. Qf3 Qe5 42. Kg2 Bg6 43. Rf1 Bc5 44. Rd1 Qb2+ 45. Kh3 Qe5 46. Rd3 Qe1 47. Rd1 Qe5 48. Rd2 Qe1 49. Re2 Qd1 50. h5 1-0


[Site "https://www.chess.com"]

[Event "Titled Tuesday Blitz June 15 2021"]
[White "Donchenko, Alexander"]
[Black "Indjic, Aleksandar"]
[WhiteFideId "24603295"]
[BlackFideId "911925"]
[WhiteElo "2553"]
[BlackElo "2643"]
[Result "0-1"]
[Round "10"]
[TimeControl "180+1"]
[Date "2021.06.15"]
[WhiteClock "0:00:02"]
[BlackClock "0:00:12"]

1. e4 c5 2. Nf3 d6 3. Bb5+ Nd7 4. O-O Nf6 5. Re1 a6 6. Bd3 b5 7. c3 Bb7 8. a4 c4 9. Bc2 e6 10. d4 cxd3 11. Qxd3 Nc5 12. Qe2 bxa4 13. Be3 Nfd7 14. Bxc5 Nxc5 15. Rxa4 Be7 16. Ra1 O-O 17. Nbd2 a5 18. b4 axb4 19. cxb4 Nd7 20. Qd3 g6 21. Ba4 Nb6 22. Bb3 d5 23. exd5 Nxd5 24. b5 Qb6 25. Bc4 Rfd8 26. Rxa8 Bxa8 27. Qe4 Bc5 28. Qh4 Kg7 29. Ne4 Be7 30. Qg3 h6 31. h4 Rc8 32. Ne5 Qd4 33. Bb3 Nc3 34. Nc6 Nxe4 35. Qf4 Bxc6 36. bxc6 f5 37. Bxe6 Rxc6 38. Ba2 Bc5 39. Rf1 Rd6 40. Bb1 Nf6 41. Qf3 Ng4 42. Qb7+ Rd7 43. Qb5 Qxf2+ 44. Rxf2 Rd1+ 0-1


[Site "https://www.chess.com"]

[Event "Titled Tuesday Blitz June 15 2021"]
[White "Erdogdu, Mert"]
[Black "Nazaretyan, Tigran"]
[WhiteFideId "6301495"]
[BlackFideId "24162345"]
[WhiteElo "2485"]
[BlackElo "2247"]
[Result "0-1"]
[Round "10"]
[TimeControl "180+1"]
[Date "2021.06.15"]
[WhiteClock "0:00:03"]
[BlackClock "0:00:34"]

1. e4 c5 2. Nf3 Nc6 3. d4 cxd4 4. Nxd4 Nf6 5. Nc3 d6 6. Bg5 e6 7. Qd2 a6 8. O-O-O Bd7 9. f3 b5 10. Kb1 Be7 11. Be3 h5 12. Bd3 Ne5 13. h3 h4 14. b3 Rb8 15. f4 Nc4 16. Bxc4 bxc4 17. e5 Nd5 18. Nxd5 exd5 19. exd6 Bxd6 20. f5 O-O 21. Bg5 Be7 22. Bxe7 Qxe7 23. Rhe1 Qf6 24. Qa5 cxb3 25. axb3 Bxf5 26. Rf1 Bxc2+ 27. Kxc2 Qg6+ 28. Kb2 Qxg2+ 29. Qd2 Qxh3 30. Rg1 g6 31. Rdf1 Rfe8 32. Rf3 Qd7 33. Qh6 Rb6 34. Nf5 Rxb3+ 35. Rxb3 Qxf5 36. Qxh4 d4 37. Rh1 Re2+ 38. Kc1 Qc2# 0-1


[Site "https://www.chess.com"]

[Event "Titled Tuesday Blitz June 15 2021"]
[White "Gabrielian, Artur"]
[Black "Levitskiy, Andrey"]
[WhiteFideId "4131002"]
[BlackFideId "14132885"]
[WhiteElo "2539"]
[BlackElo "2323"]
[Result "1-0"]
[Round "10"]
[TimeControl "180+1"]
[Date "2021.06.15"]
[WhiteClock "0:01:13"]
[BlackClock "0:00:02"]

1. e4 e6 2. d3 d5 3. Qe2 Nf6 4. Nf3 Be7 5. g3 c5 6. Bg2 Nc6 7. O-O b6 8. e5 Nd7 9. c4 d4 10. Nbd2 Bb7 11. Re1 Qc7 12. h4 h6 13. h5 O-O-O 14. a3 a5 15. Nf1 Rdf8 16. g4 g6 17. Ng3 gxh5 18. gxh5 Rfg8 19. Bf4 Kb8 20. Qd2 Ka7 21. Kf1 Rh7 22. b3 Rg4 23. Bh3 Rg8 24. Qe2 Bg5 25. Bxg5 hxg5 26. Bg4 Ne7 27. b4 Qc6 28. bxa5 bxa5 29. Rab1 Nb6 30. Rb5 a4 31. Ne4 Nd7 32. Reb1 Ba6 33. Ra5 Rb8 34. Rxb8 Kxb8 35. Nfxg5 Rg7 36. h6 Rg8 37. h7 Rh8 38. Qf3 Nxe5 39. Qg3 Ng6 40. Rxc5 Qb7 41. Rxe5 1-0


[Site "https://www.chess.com"]

[Event "Titled Tuesday Blitz June 15 2021"]
[White "Gelman, Alexander"]
[Black "Sukandar, Irine Kharisma"]
[WhiteFideId "4118316"]
[BlackFideId "7101937"]
[WhiteElo "2375"]
[BlackElo "2313"]
[Result "0-1"]
[Round "10"]
[TimeControl "180+1"]
[Date "2021.06.15"]
[WhiteClock "0:00:09"]
[BlackClock "0:00:32"]

1. d4 c5 2. d5 e5 3. Nc3 d6 4. e4 g6 5. h4 h5 6. a4 Bh6 7. Bxh6 Nxh6 8. Nf3 Bg4 9. Be2 Nd7 10. Nd2 Bxe2 11. Qxe2 f5 12. Nf3 Qb6 13. O-O Nf7 14. a5 Qa6 15. Nb5 O-O-O 16. c4 Nf6 17. Nd2 f4 18. b4 g5 19. bxc5 dxc5 20. Nb3 Nd7 21. d6 Nxd6 22. Rfd1 Nxb5 23. cxb5 Qf6 24. Rd5 gxh4 25. Rad1 h3 26. Qf3 hxg2 27. Qh3 Kb8 28. Rxd7 Rxd7 29. Qxd7 Qh4 30. Kxg2 f3+ 31. Kxf3 Rf8+ 32. Ke3 Qxf2+ 33. Kd3 Rf3+ 34. Kc4 Qc2+ 35. Kd5 Qxd1+ 36. Ke6 Rf6+ 37. Ke7 Rf7+ 0-1


[Site "https://www.chess.com"]

[Event "Titled Tuesday Blitz June 15 2021"]
[White "Golubev, Mikhail"]
[Black "Aditya Mittal"]
[WhiteFideId "14100983"]
[BlackFideId "35042025"]
[WhiteElo "2374"]
[BlackElo "2171"]
[Result "0-1"]
[Round "10"]
[TimeControl "180+1"]
[Date "2021.06.15"]
[WhiteClock "0:00:01"]
[BlackClock "0:00:20"]

1. e4 c5 2. Nf3 d6 3. d4 cxd4 4. Nxd4 Nf6 5. Nc3 a6 6. Bc4 e6 7. O-O Nbd7 8. Bxe6 fxe6 9. Nxe6 Qa5 10. Bd2 Qb6 11. Nd5 Nxd5 12. exd5 Nc5 13. Ng5 Be7 14. Re1 Bf5 15. Bc3 Kd7 16. Rxe7+ Kxe7 17. Qh5 Bg6 18. Re1+ Kd7 19. Qg4+ Kc7 20. b4 Rae8 21. bxc5 Rxe1+ 22. Bxe1 dxc5 23. Ne6+ Kb8 24. h3 Re8 25. Bc3 Qb1+ 26. Kh2 Qxc2 27. Bxg7 Ka7 28. d6 Qd3 29. Nxc5 Qxd6+ 30. g3 Rd8 31. Ne6 Rc8 32. Bd4+ Ka8 33. Be3 Qc6 34. Nf4 Re8 35. Nxg6 Qxg6 0-1


[Site "https://www.chess.com"]